 Dungeon Crawl Stone Soup version 0.27-a0-1200-g94dc6ad4cf (webtiles) character file.

Game seed: 7547819014826891240

49 quinnr the Magician (level 4, 0/31 HPs)
             Began as a Djinni Ice Elementalist on May 31, 2021.
             Killed by miscasting Hailstorm (13 damage)
             ... on level 2 of the Dungeon.
             The game lasted 00:07:55 (2560 turns).

quinnr the Magician (Djinni Ice Elementalist)       Turns: 2560, Time: 00:07:56

Health: 0/31       AC:  2    Str:  7    XL:     4   Next: 2%
Gold:   30         EV: 12    Int: 18    God:
                   SH:  0    Dex: 13

rFire    + + .     SeeInvis .   g - +1 dagger (freeze)
rCold    x . .     Faith    .   (no shield)
rNeg     . . .     Spirit   .   a - +0 robe
rPois    ∞         Reflect  .   (no helmet)
rElec    .         Harm     .   (no cloak)
rCorr    .         Rampage  .   (no gloves)
Will     .....                  (boots unavailable)
Stlth    ++........             (no amulet)
HPRegen  0.10/turn              (no ring)
MPRegen  0.00/turn              (no ring)

@: brilliant, freezing walls, flying, very slightly contaminated
A: sickness immunity, fire resistance 2, cold vulnerability 1, float, innate
caster, hp casting, extra vitality 1
a: no special abilities


You were on level 2 of the Dungeon.
You visited 1 branch of the dungeon, and saw 2 of its levels.

You collected 30 gold pieces.

Inventory:

Hand Weapons
 g - a +1 dagger of freezing (weapon)
Missiles
 d - 40 stones (quivered)
 i - 16 poisoned darts
Armour
 a - a +0 robe (worn)
Scrolls
 b - a scroll of magic mapping {unknown}
 c - a scroll of amnesia {unknown}
 e - a scroll of enchant armour {unknown}
Potions
 f - a potion of brilliance
 h - a potion of curing {unknown}
 j - a potion of magic {unknown}


   Skills:
 - Level 2.1 Dodging
 - Level 1.5 Stealth
 + Level 4.2 Spellcasting


You couldn't memorise any spells.
You knew the following spells:

 Your Spells              Type           Power      Damage    Failure   Level
a - Freeze                Ice            100%       1d11      2%          1
b - Frozen Ramparts       Ice            56%        1d7       8%          3
c - Ozocubu's Armour      Ice            28%        N/A       8%          3
d - Hailstorm             Conj/Ice       28%        3d8       24%         4
e - Metabolic Englaciati  Hex/Ice        14%        N/A       56%         5
f - Sandblast             Erth           56%        2d13      2%          1
Your spell library was empty.

Dungeon Overview and Level Annotations

Branches:
Dungeon (2/15)

Altars:


Innate Abilities, Weirdness & Mutations

You are immune to sickness and miasma.
You are immune to poison.
Your flesh is very heat resistant. (rF++)
You are vulnerable to cold. (rC-)
You float through the air rather than walking.
You learn spells naturally, not from books.
Your magical power is your life essence.
You have superior vitality. (+4 HP)


Message History

The orc shouts!
The orc wizard gestures at you while chanting.
You are confused.
Unknown command.
You're too confused to cast spells.
You're too confused to cast spells.
You are too confused!
The wall freezes the orc.
The wall freezes the orc.
The orc hits you with a +1 flail of protection!
The wall freezes the orc wizard.
The wall freezes the orc.
You kill the orc!
The wall freezes the orc.
You have reached level 4!
You feel clever.
Unknown command.
It was a potion of brilliance.
You feel clever all of a sudden.
The wall freezes the orc.
The orc hits you but does no damage.
Unknown command.
You're too confused to cast spells.
Sorry, you're not good enough to have a special ability.
Unknown command.
The wall freezes the orc. x2; The wall freezes the orc wizard.
You feel less confused.
The wall freezes the orc.
The wall freezes the orc wizard.
Casting: Frozen Ramparts (quite dangerous; 8% risk of failure)
Confirm with . or Enter, or press ? or * to list all spells.
The spell is extremely dangerous to cast (24% risk of failure)!
Continue anyway?
Okay, then.
Casting: Hailstorm (extremely dangerous; 24% risk of failure)
Confirm with . or Enter, or press ? or * to list all spells.
The spell is extremely dangerous to cast (24% risk of failure)!
Continue anyway?
Casting: Hailstorm (extremely dangerous; 24% risk of failure)
Press: ? - help, Dir - look around, f - activate You feel a surge of power!
You miscast Hailstorm.
You are very lightly contaminated with residual magic.
You feel uncomfortably cold!
You feel a terrible chill!
You die...

#.##.# #.# #######
#.##.####.#### #.....#
##............# #.###.#
##...#.####.##.#
#.###.####......####.##.#
#.#.........>.#......##.#
#.#.#.######.##......##.#
#.#<#.# #.##########.###
#.#<#.# #@# ##...###
#.....# #o# ##.....#.
###.###


ooo #......P≈ ##.# ..... #.....PP≈ ####..# ....... #.....≈≈♣
#...).####.........####....≈≈≈♣ ###........+.........+.......P≈≈♣
........####.........####.##.PP≈♣ ###.#....# #.###P≈≈♣ You could see an orc
wizard and 3 orcs.

Vanquished Creatures
  An adder (D:2)
  4 dart slugs (D:1)
  An orc (D:2)
  7 endoplasms
  2 giant cockroaches (D:1)
  2 goblins (D:1)
  A hobgoblin (D:1)
  A quokka (D:2)
  A ball python (D:2)
  A frilled lizard (D:1)
  6 kobolds
  2 rats (D:1)
29 creatures vanquished.

Notes
Turn   | Place    | Note
-------+----------+-------------------------------------------
     0 | D:1      | quinnr the Djinni Ice Elementalist began the quest for the
                  | Orb.
     0 | D:1      | Reached XP level 1. HP: 15/15 MP: 0/0
   519 | D:1      | Reached XP level 2. HP: 20/21 MP: 0/0
   611 | D:1      | HP: 1/21 [frozen (7)]
  1417 | D:1      | Reached XP level 3. HP: 18/25 MP: 0/0
  1417 | D:1      | Learned a level 1 spell: Sandblast
  1704 | D:1      | Reached skill level 4 in Spellcasting
  2557 | D:2      | Reached XP level 4. HP: 14/31 MP: 0/0
  2560 | D:2      | Killed by miscasting Hailstorm

Illustrated notes

Levels and vault maps discovered:
D:1:      scummos_arrival_simple_crosswalls, layout_basic,
          minmay_misc_feat_rows, minivault_23
D:2:      layout_loops_corners, serial_bayou_pond_c, minmay_lizard_pond

Skill      XL: |  1  2  3 |
---------------+----------+-----
Spellcasting   | 4 |  4.2
Dodging        | |  2.1
Stealth        | |  1.5

Action                   |  1- 3 |  4- 6 || total
-------------------------+-------+-------++-------
Throw: Stone             |    10 |       ||    10
       Dart              |     2 |       ||     2
 Cast: Freeze            |    37 |       ||    37
       Sandblast         |     5 |       ||     5
       Frozen Ramparts   |     5 |       ||     5
  Use: Potion            |       |     1 ||     1
Armor: Robe              |     5 |     1 ||     6
Dodge: Dodged            |    10 |       ||    10

Table legend: (Time is in decaauts)
 A = Elapsed time spent in this place.
 B = Non-inter-level travel time spent in this place.
 C = Inter-level travel time spent in this place.
 D = Time resting spent in this place.
 E = Time spent auto-exploring this place.
 F = Levels seen in this place.
 G = Mean time per level.
                   A        B        C        D        E       F      G
               +--------+--------+--------+--------+--------+-----+--------+
         Total |   2560 |   2361 |    199 |    452 |   1391 |   2 | 1280.0 |
       Dungeon |   2560 |   2361 |    199 |    452 |   1391 |   2 | 1280.0 |
               +--------+--------+--------+--------+--------+-----+--------+

Top non-repeatable levels by time:
     D:1: 2229 daAuts
     D:2: 331 daAuts
